 Dungeon Crawl Stone Soup version 0.23.0 (webtiles) character file.

Game seed: 4178609397267174455

60 Gargoyl the Skirmisher (level 3, -1/31 HPs)
             Began as a Centaur Abyssal Knight on Feb 15, 2019.
             Was a Follower of Lugonu.
             Slain by a gnoll
             ... wielding a +0 flail
              (7 damage)
             ... on level 1 of the Dungeon.
             The game lasted 00:02:56 (1768 turns).

Gargoyl the Skirmisher (Centaur Abyssal Knight)     Turns: 1768, Time: 00:02:57

Health: -1/31      AC:  5    Str: 14    XL:     3   Next: 82%
Magic:  4/4        EV:  9    Int:  9    God:    Lugonu [*.....]
Gold:   126        SH:  0    Dex:  9    Spells: 2/2 levels left

rFire    . . .     SeeInvis .   a - +1 hand axe
rCold    . . .     Gourm    .   (no shield)
rNeg     . . .     Faith    .   b - +0 leather armour
rPois    .         Spirit   .   (no helmet)
rElec    .         Reflect  .   (no cloak)
rCorr    .         Harm     .   (no gloves)
MR       .....                  (no barding)
Stlth    ..........             (no amulet)
HPRegen  0.10/turn              (no ring)
MPRegen  0.09/turn              (no ring)

@: very quick
A: large, hooves 3, rugged brown scales 1, deformed body, dopey 1, speed 2,
tough skin 3
a: Depart the Abyss, Renounce Religion


You were on level 1 of the Dungeon.
You worshipped Lugonu.
Lugonu was aware of your devotion.
You were not hungry.

You visited 1 branch of the dungeon, and saw 2 of its levels.
You visited the Abyss 1 time.

You collected 126 gold pieces.

Inventory:

Hand Weapons
 a - a +1 hand axe (weapon)
Armour
 b - a +0 leather armour (worn)
Scrolls
 h - a scroll of remove curse
Comestibles
 c - 2 rations
 d - 6 chunks of flesh


   Skills:
 + Level 3.5 Fighting
 + Level 2.3 Axes
 * Level 1.8 Armour
 * Level 1.2 Dodging
 * Level 2.4 Invocations


You had 2 spell levels left.
You didn't know any spells.
Your spell library was empty.

Dungeon Overview and Level Annotations

Branches:
Dungeon (2/15)

Altars:


Innate Abilities, Weirdness & Mutations

You have hooves in place of feet.
Armour fits poorly on your strangely shaped body.
You cover ground very quickly.
You have extremely tough skin. (AC +3)
You are partially covered in rugged brown scales. (AC +1, +3% HP)
You are dopey. (Int -2)


Message History

You closely miss the gnoll. Your kick misses the gnoll.
The gnoll barely misses you.
You hit the gnoll but do no damage. The gnoll hits you with a +0 flail.
You hit the gnoll.
The gnoll is lightly wounded.
The gnoll barely misses you.
You hit the gnoll but do no damage.
The gnoll is lightly wounded.
The gnoll hits you with a +0 flail.
You hit the gnoll but do no damage.
The gnoll is lightly wounded.
The gnoll hits you with a +0 flail!
You closely miss the gnoll. You kick the gnoll.
The gnoll is moderately wounded.
The gnoll hits you with a +0 flail!
* * * LOW HITPOINT WARNING * * *
You completely miss the gnoll. You kick the gnoll.
The gnoll is severely wounded.
The gnoll hits you with a +0 flail!
You die...

#######.#######
#.............#
#.............#
#.............#
#########
#.............#
#.......#
#######.#######
#.#####.# #.# #.# #...#
############.##### #.#
#.### .(.............g@#
#.# #.#
##.....###############.#
#.#
.......................#
#.#
##.....#################
#.# #.....# #.# #.....#
###### #.# #.....#
#....###### #.# ##.....#
#.........# #.# .......#
#.........#####.#


You could see a gnoll.

Vanquished Creatures
  3 gnolls
  An adder (D:2)
  A leopard gecko (D:1)
  A giant cockroach (D:1)
  3 goblins (D:1)
  2 hobgoblins
  5 bats
  2 frilled lizards
  3 kobolds (D:1)
  3 rats (D:1)
24 creatures vanquished.

Notes
Turn   | Place    | Note
-------+----------+-------------------------------------------
     0 | Abyss:1  | Gargoyl the Centaur Abyssal Knight began the quest for the
                  | Orb.
     0 | Abyss:1  | Reached XP level 1. HP: 19/19 MP: 2/2
    55 | Abyss:2  | Gained mutation: You are dopey. (Int -2) [potion of
                  | mutation]
    55 | Abyss:2  | Gained mutation: You are partially covered in rugged brown
                  | scales. (AC +1, +3% HP) [potion of mutation]
   100 | Abyss:2  | Noticed an iron imp
   126 | Abyss:2  | Noticed a quasit
   172 | Abyss:2  | Noticed a raiju
   173 | D:1      | Escaped the Abyss
   424 | D:1      | Reached * piety under Lugonu
   432 | D:1      | Reached XP level 2. HP: 20/26 MP: 3/3
  1106 | D:2      | HP: 1/26 [poisoned by an adder]
  1443 | D:1      | Reached XP level 3. HP: 23/31 MP: 4/4
  1524 | D:1      | Reached skill level 1 in Dodging
  1768 | D:1      | Slain by a gnoll

Skill      XL: |  1  2  3 |
---------------+----------+-----
Axes           | 2 |  2.3
Dodging        | 1 |  1.2
Fighting       | |  3.5
Armour         | |  1.8
Invocations    | |  2.4

Action                   || total
-------------------------++-------
Melee: Hand axe          ||    79
       Kick              ||    10
Invok: Depart the Abyss  ||     1
  Use: Potion            ||     3
       Scroll            ||     4
  Eat: Chunk             ||     2
Armor: Leather armour    ||    58
Dodge: Dodged            ||    71
